 Dungeon Sprint DCSS version 0.30-a0-54-g2e61a25929 (webtiles) character file.

Game seed: 5802779947607435679

135 Ankalagon the Martial Artist (level 4, -3/51 HPs)
             Began as a Draconian Monk on Sept 7, 2022.
             Was an Initiate of Gozag.
             Slain by a neqoxec (5 damage)
             ... in the Dungeon (Sprint II: "The Violet Keep of Menkaure").
             The game lasted 00:00:41 (383 turns).

Ankalagon the Martial Artist (Draconian Monk)        Turns: 383, Time: 00:00:41

Health: -3/51      AC:  5    Str: 14    XL:     4   Next: 97%
Magic:  4/4        EV: 12    Int: 10    God:    Gozag
Gold:   243        SH:  0    Dex: 15    Spells: 3/3 levels left

rFire   . . .      SeeInvis .      - Unarmed
rCold   . . .      Faith    .    (no shield)
rNeg    . . .      Spirit   .    (body armour unavailable)
rPois   .          Reflect  .    (helmet restricted)
rElec   .          Harm     .    (no cloak)
rCorr   .          Rampage  .    (no gloves)
Will    .....      NoTele   +    (no boots)
Stlth   ..........               (no amulet)
HPRegen 0.17/turn                (no ring)
MPRegen 0.09/turn                (no ring)

@: berserking (expiring), gold aura, very quick
A: AC +5, unfitting armour, cold-blooded, frail 1
a: Renounce Religion, Potion Petition, Call Merchant, Bribe Branch


You were in the Dungeon.
You worshipped Gozag.
Gozag was aware of your devotion.
You visited 1 branch You collected 243 gold pieces.

Inventory:

Scrolls
 g - a scroll of blinking
Potions
 a - a potion of ambrosia
 b - a potion of curing
 c - a potion of heal wounds
 d - a potion of haste
 e - 2 potions of magic


   Skills:
 + Level 3.2 Fighting
 + Level 2.6 Dodging
 + Level 1.7 Stealth
 + Level 10.4 Unarmed Combat


You had 3 spell levels left.
You didn't know any spells.
Your spell library was empty.

Dungeon Overview and Level Annotations

Branches:
Dungeon (1/1)

Altars:
Cheibriados
Dithmenos
Elyvilon
Fedhas
Gozag
Hepliaklqana
Kikubaaqudgha
Makhleb
Nemelex Xobeh
Okawaru
Qazlal
Ru
Sif Muna
Trog
Uskayaw
Vehumet
Wu Jian
Xom
Yredelemnul
Zin
The Shining One
Jiyva
Lugonu


Innate Abilities, Weirdness & Mutations

Your plain brown scales are hard. (AC +5)
You cannot fit into any form of body armour.
You are cold-blooded and may be slowed by cold attacks.
You are frail. (-10% HP)


Message History

The neqoxec is heavily wounded.
The neqoxec hits you! The neqoxec gestures at you.
You feel dopey. Something feeds on your intellect!
You hit the neqoxec.
The neqoxec is heavily wounded.
You closely miss the neqoxec.
The neqoxec is heavily wounded.
The neqoxec gestures at you.
Strange energies course through your body.
You feel frail.
You punch the neqoxec!
The neqoxec is severely wounded.
The neqoxec hits you!
You hit the neqoxec. You tail-slap the neqoxec.
You kill the neqoxec!
You feel your intelligence returning.
Your Unarmed Combat skill gained 5 levels and is now at level 10!
You have reached level 3!
Your experience leads to an increase in your attributes!
Increase (S)trength, (I)ntelligence, or (D)exterity?
You feel agile. x2; Your scales feel tougher.
You have reached level 4!
You feel stronger.
Unknown command.
The neqoxec hits you. The neqoxec hits you!
* * * LOW HITPOINT WARNING * * *
The neqoxec hits you!
* * * LOW HITPOINT WARNING * * *
There is an open door, spattered with blood here.
You see here 81 gold pieces.
You closely miss the neqoxec. You punch the neqoxec! You punch the neqoxec.
The neqoxec is moderately wounded.
The neqoxec gestures at you.
Something tries to feed on your intellect!
The neqoxec barely misses you. The neqoxec hits you.
You die...
Your body crumbles into a pile of gold.

.. $ .#### $ .###
...#$ ...# ##..##
#..# #+# #.##..#
+.^# ##.##.###..#$
#..# +.<.'##.+..###
..##
$##.##...#....###...
#@###.##......~~~~
#333####~~.....§#'#
$
#.##..#~~~§~~~..~#._
$ ##
###~~~~~~~~.~#.. $
#~~~≈≈≈~~~~~#._ $
~~~~~~≈≈≈≈~~~#_.
+++#~§≈§§≈≈≈~#._
##≈≈≈###§§#_. ##≈§
#≈≈#._


You could see 3 neqoxecs.

Vanquished Creatures
  A neqoxec (D)
  3 worms (D)
4 creatures vanquished.

Vanquished Creatures (others)
  A water moccasin (D)
1 creature vanquished.

Grand Total: 5 creatures vanquished

Notes
Turn   | Place    | Note
-------+----------+-------------------------------------------
     0 | D        | Ankalagon the Draconian Monk began the quest for the Orb.
     0 | D        | Reached XP level 1. HP: 19/19 MP: 1/1
    12 | D        | Reached skill level 4 in Unarmed Combat
    19 | D        | Reached skill level 5 in Unarmed Combat
    19 | D        | Reached XP level 2. HP: 8/26 MP: 2/2
   103 | D        | Killed a water moccasin
   244 | D        | Found a glowing silver altar of Zin.
   245 | D        | Found a glowing golden altar of the Shining One.
   245 | D        | Found a basalt altar of Yredelemnul.
   245 | D        | Found a hide-covered altar of Uskayaw.
   245 | D        | Found a radiant altar of Vehumet.
   246 | D        | Found a shimmering altar of Xom.
   246 | D        | Found a bloodstained altar of Trog.
   246 | D        | Found a burning altar of Makhleb.
   246 | D        | Found a sparkling altar of Nemelex Xobeh.
   247 | D        | Found an ornate altar of the Wu Jian Council.
   247 | D        | Found a shimmering blue altar of Sif Muna.
   247 | D        | Found a corrupted altar of Lugonu.
   247 | D        | Found a blossoming altar of Fedhas.
   248 | D        | Found a sacrificial altar of Ru.
   248 | D        | Found an ancient bone altar of Kikubaaqudgha.
   248 | D        | Found a white marble altar of Elyvilon.
   249 | D        | Found a stormy altar of Qazlal.
   249 | D        | Found a viscous altar of Jiyva.
   249 | D        | Found a shadowy altar of Dithmenos.
   250 | D        | Found a hazy altar of Hepliaklqana.
   250 | D        | Found a snail-covered altar of Cheibriados.
   253 | D        | Found an opulent altar of Gozag.
   253 | D        | Found an iron altar of Okawaru.
   255 | D        | Noticed a water moccasin
   256 | D        | Noticed an electric eel
   257 | D        | Noticed an electric eel
   257 | D        | Noticed an electric eel
   261 | D        | Became a worshipper of Gozag Ym Sagoz the Greedy
   264 | D        | Noticed an electric eel
   266 | D        | Noticed a polar bear
   267 | D        | Noticed a hornet
   268 | D        | Noticed a yaktaur
   370 | D        | Noticed a neqoxec
   370 | D        | Noticed a neqoxec
   370 | D        | Noticed a neqoxec
   370 | D        | Noticed a neqoxec
   378 | D        | Gained mutation: You are frail. (-10% HP) [a neqoxec]
   380 | D        | Killed a neqoxec
   381 | D        | Reached skill level 10 in Unarmed Combat
   381 | D        | Reached XP level 3. HP: 18/27 MP: 3/3
   381 | D        | Reached XP level 4. HP: 23/34 MP: 4/4
   381 | D        | HP: 2/51 [neqoxec (11)]
   383 | D        | Slain by a neqoxec

Illustrated notes

Levels and vault maps discovered:
D:        the_violet_keep_of_menkaure [sprint2_stairs_cluster_1,
          sprint2_shoproom, sprint2_temple, sprint2_basic_supplies,
          sprint2_obstacle_1, sprint2_obstacle_7, sprint2_obstacle_6,
          sprint2_obstacle_2, sprint2_obstacle_4, sprint2_timed_cluster_1,
          sprint2_smallroom_cluster_1, sprint2_smallroom_final_cluster_1,
          sprint2_transparent_cluster_1, sprint2_second_timed_cluster_1,
          sprint2_sniper_area_1, sprint2_heavy_combat_area_1,
          sprint2_mutation_trap_area_1, sprint2_forest_area_1,
          sprint2_light_combat_area_1, sprint2_behind_water_1,
          sprint2_near_end_vault_1]

Skill      XL: |  1  2 |
---------------+-------+-----
Unarmed Combat | 5 10 | 10.4
Fighting       | |  3.2
Dodging        | |  2.6
Stealth        | |  1.7

Action                   |  1- 3 |  4- 6 || total
-------------------------+-------+-------++-------
Melee: Unarmed           |    22 |     2 ||    24
       Tailslap          |     6 |       ||     6
       Punch             |     1 |     1 ||     2
  Use: Potion            |     1 |       ||     1
Armor: Skin              |     1 |       ||     1
Dodge: Dodged            |     5 |     1 ||     6

Table legend: (Time is in decaauts)
 A = Elapsed time spent in this place.
 B = Non-inter-level travel time spent in this place.
 C = Inter-level travel time spent in this place.
 D = Time resting spent in this place.
 E = Time spent auto-exploring this place.
 F = Levels seen in this place.
 G = Mean time per level.
                   A        B        C        D        E       F      G
               +--------+--------+--------+--------+--------+-----+--------+
         Total |    379 |    379 |      0 |    300 |      0 |   1 |  379.0 |
       Dungeon |    379 |    379 |      0 |    300 |      0 |   1 |  379.0 |
               +--------+--------+--------+--------+--------+-----+--------+

Top non-repeatable levels by time:
       D: 379 daAuts
